APP
CLEVELAND (APP) INDIANS @ SEATTLE (APP) MARINERS
09/19/2044
 
TOP OF THE 1ST
Cleveland (APP) Indians batting - Pitching for Seattle (APP) Mariners : RHP Kyle Ridgeway
Pitching: RHP Kyle Ridgeway
Batting: RHB John Clark 0-0: Called Strike
0-1: Called Strike
0-2: Ball
1-2: Ball
2-2: Ball
3-2: Strikes out swinging
Batting: RHB Carlos Manriquez 0-0: Ball
1-0: Foul Ball, location: 2F
1-1: Swinging Strike
1-2: Strikes out looking
Batting: RHB Juan Gallardo 0-0: Ball
1-0: Fly out, F8 (Flyball, 78D, EV 100.6 MPH)
Top of the 1st over - 0 runs, 0 hits, 0 errors, 0 left on base; Cleveland (APP) 0 - Seattle (APP) 0
BOTTOM OF THE 1ST
Seattle (APP) Mariners batting - Pitching for Cleveland (APP) Indians : RHP Jose Esteban
Pitching: RHP Jose Esteban
Batting: RHB Tomokazu Sugimoto 0-0: Called Strike
0-1: Ball
1-1: Called Strike
1-2: Strikes out swinging, 2-3 out at first.
Batting: RHB Mike Conaway 0-0: Ball
1-0: Ball
2-0: Ground out 5-3 (Groundball, 56, EV 87.5 MPH)
Batting: LHB Chang Huie 0-0: DOUBLE (Line Drive, 5D, EV 111.9 MPH)
Batting: RHB Victor Rosas 0-0: Ball
1-0: Ball
2-0: Called Strike
2-1: Fly out, F7 (Flyball, 7LD, EV 98.1 MPH)
Bottom of the 1st over - 0 runs, 1 hit, 0 errors, 1 left on base; Cleveland (APP) 0 - Seattle (APP) 0
TOP OF THE 2ND
Cleveland (APP) Indians batting - Pitching for Seattle (APP) Mariners : RHP Kyle Ridgeway
Batting: RHB Luis Roman 0-0: Called Strike
0-1: Ball
1-1: Swinging Strike
1-2: Strikes out swinging
Batting: LHB Kenji Yokoyama 0-0: Called Strike
0-1: Ball
1-1: Foul Ball, location: 2F
1-2: Ball
2-2: Foul Ball, location: 2F
2-2: Strikes out swinging
Batting: RHB Joe Shade 0-0: Swinging Strike
0-1: Called Strike
0-2: Ground out 6-3 (Groundball, 6, EV 80.0 MPH)
Top of the 2nd over - 0 runs, 0 hits, 0 errors, 0 left on base; Cleveland (APP) 0 - Seattle (APP) 0
BOTTOM OF THE 2ND
Seattle (APP) Mariners batting - Pitching for Cleveland (APP) Indians : RHP Jose Esteban
Batting: RHB Ivan Davila 0-0: Ball
1-0: Called Strike
1-1: Ball
2-1: Foul Ball, location: 2F
2-2: SOLO HOME RUN (Line Drive, 7D, EV 99.4 MPH), Distance : 385 ft
Batting: SHB Tony Morales 0-0: Ball
1-0: Ball
2-0: Foul Ball, location: 2F
2-1: Foul Ball, location: 2F
2-2: Foul Ball, location: 2LF, Error on foul ball, E2
2-2: Ground out 4-3 (Groundball, 4, EV 100.0 MPH)
Batting: RHB Chris Van Niel 0-0: Called Strike
0-1: Ball
1-1: Swinging Strike
1-2: Foul Ball, location: 2F
1-2: Foul Ball, location: 2F
1-2: Foul Ball, location: 2F
1-2: Ball
2-2: DOUBLE (Line Drive, 9LM, EV 110.6 MPH)
Batting: RHB John Vasquez 0-0: Ball
1-0: Reached on error, E4 (Groundball, 4, EV 90.6 MPH)
Chris Van Niel to third
Batting: RHB Omar Solis 0-0: Ball
John Vasquez is caught stealing 2nd base 2-4
1-0: DOUBLE (Line Drive, 7LM, EV 113.1 MPH)
Chris Van Niel scores
Batting: RHB Tomokazu Sugimoto 0-0: Fly out, F8 (Flyball, 8RD, EV 88.8 MPH)
Bottom of the 2nd over - 2 runs, 3 hits, 2 errors, 1 left on base; Cleveland (APP) 0 - Seattle (APP) 2
TOP OF THE 3RD
Cleveland (APP) Indians batting - Pitching for Seattle (APP) Mariners : RHP Kyle Ridgeway
Batting: LHB Heath Ryland 0-0: Ball
1-0: Called Strike
1-1: Foul Ball, location: 2F
1-2: Ball
2-2: Strikes out swinging
Batting: RHB Ken Shear 0-0: Ball
1-0: Foul Ball, location: 2F
1-1: Swinging Strike
1-2: Ball
2-2: SINGLE (Groundball, 6MD, EV 103.1 MPH)
Batting: SHB Mike Shields 0-0: Bunted foul
0-1: Sac Bunt to 13 - play at first, batter OUT! 1-4
Ken Shear to second
Batting: RHB John Clark 0-0: Ball
1-0: Ball
2-0: Ball
3-0: Called Strike
3-1: Called Strike
3-2: Strikes out swinging
Top of the 3rd over - 0 runs, 1 hit, 0 errors, 1 left on base; Cleveland (APP) 0 - Seattle (APP) 2
BOTTOM OF THE 3RD
Seattle (APP) Mariners batting - Pitching for Cleveland (APP) Indians : RHP Jose Esteban
Batting: RHB Mike Conaway 0-0: Called Strike
0-1: Fly out, F8 (Line Drive, 8LM, EV 92.5 MPH)
Batting: LHB Chang Huie 0-0: Ball
1-0: Ball
2-0: Called Strike
2-1: Ground out 3-1 (Groundball, 34, EV 80.0 MPH)
Batting: RHB Victor Rosas 0-0: SINGLE (Line Drive, 8RS, EV 91.3 MPH)
Batting: RHB Ivan Davila 0-0: Called Strike
0-1: Called Strike
0-2: Strikes out swinging, 2-3 out at first.
Bottom of the 3rd over - 0 runs, 1 hit, 0 errors, 1 left on base; Cleveland (APP) 0 - Seattle (APP) 2
TOP OF THE 4TH
Cleveland (APP) Indians batting - Pitching for Seattle (APP) Mariners : RHP Kyle Ridgeway
Batting: RHB Carlos Manriquez 0-0: Swinging Strike
0-1: Ball
1-1: Foul Ball, location: 2F
1-2: Ball
2-2: Strikes out swinging
Batting: RHB Juan Gallardo 0-0: Called Strike
0-1: Ground out 6-3 (Groundball, 6, EV 86.3 MPH)
Batting: RHB Luis Roman 0-0: Called Strike
0-1: Ball
1-1: Called Strike
1-2: Foul Ball, location: 2F
1-2: Foul Ball, location: 2F
1-2: Strikes out looking
Top of the 4th over - 0 runs, 0 hits, 0 errors, 0 left on base; Cleveland (APP) 0 - Seattle (APP) 2
BOTTOM OF THE 4TH
Seattle (APP) Mariners batting - Pitching for Cleveland (APP) Indians : RHP Jose Esteban
Batting: SHB Tony Morales 0-0: Ball
1-0: Foul Ball, location: 2F
1-1: Ball
2-1: Ball
3-1: Base on Balls
Batting: RHB Chris Van Niel 0-0: SINGLE (Groundball, 6S, EV 64.4 MPH) (infield hit)
Tony Morales to second
Batting: RHB John Vasquez 0-0: DOUBLE (Flyball, 9LD, EV 106.9 MPH)
Tony Morales scores
Chris Van Niel to third
Batting: RHB Omar Solis 0-0: Fly out, F9 (Flyball, 89D, EV 98.8 MPH)
Runner from 3rd tags up, SCORES, throw by RF
Batting: RHB Tomokazu Sugimoto 0-0: Ball
Passed Ball!
John Vasquez to third
1-0: Ball
Wild Pitch!
John Vasquez scores
2-0: Foul Ball, location: 2F
2-1: Foul Ball, location: 2F
2-2: Ball
3-2: Base on Balls
Batting: RHB Mike Conaway 0-0: Called Strike
0-1: Ball
1-1: Foul Ball, location: 2F
1-2: Fielders Choice at 2nd, 1-6 (Groundball, 34S, EV 71.9 MPH)
Batting: LHB Chang Huie 0-0: Called Strike
0-1: Ball
Passed Ball!
Mike Conaway to second
1-1: SINGLE (Groundball, 6D, EV 103.8 MPH)
Mike Conaway to third
Runner from 3rd tries for Home, SAFE, throw by CF to home
Batting: RHB Victor Rosas 0-0: Called Strike
0-1: Ball
1-1: SINGLE (Line Drive, 34, EV 101.9 MPH)
Chang Huie to second
Batting: RHB Ivan Davila 0-0: Called Strike
0-1: Foul Ball, location: 2F
0-2: Ball
1-2: Strikes out swinging
Bottom of the 4th over - 4 runs, 4 hits, 0 errors, 2 left on base; Cleveland (APP) 0 - Seattle (APP) 6
TOP OF THE 5TH
Cleveland (APP) Indians batting - Pitching for Seattle (APP) Mariners : RHP Kyle Ridgeway
Batting: LHB Kenji Yokoyama 0-0: Fly out, F8 (Flyball, 78D, EV 106.9 MPH)
Batting: RHB Joe Shade 0-0: Foul Ball, location: 2F
0-1: Fly out, F9 (Flyball, 9LM, EV 88.8 MPH)
Batting: LHB Heath Ryland 0-0: Foul Ball, location: 2F
0-1: Ball
1-1: Ball
2-1: SINGLE (Groundball, 4D, EV 105.6 MPH)
Batting: RHB Ken Shear 0-0: Ball
1-0: Ball
2-0: Called Strike
2-1: Foul Ball, location: 2F
2-2: Strikes out swinging
Top of the 5th over - 0 runs, 1 hit, 0 errors, 1 left on base; Cleveland (APP) 0 - Seattle (APP) 6
BOTTOM OF THE 5TH
Seattle (APP) Mariners batting - Pitching for Cleveland (APP) Indians : RHP Jose Esteban
Batting: SHB Tony Morales 0-0: Foul Ball, location: 2F
0-1: SINGLE (Groundball, 6D, EV 103.8 MPH)
Batting: RHB Chris Van Niel 0-0: Called Strike
0-1: Ball
1-1: Swinging Strike
1-2: Ball
2-2: Ball
Passed Ball!
Tony Morales to second
3-2: Base on Balls
Batting: RHB John Vasquez 0-0: Ball
Passed Ball!
Tony Morales to third
Chris Van Niel to second
1-0: Swinging Strike
1-1: Swinging Strike
1-2: Strikes out looking
Batting: RHB Omar Solis 0-0: Called Strike
0-1: Foul Ball, location: 2F
0-2: Ball
1-2: Ball
Wild Pitch!
Tony Morales scores
Chris Van Niel to third
2-2: Foul Ball, location: 2F
2-2: TRIPLE (Groundball, 3L, EV 98.8 MPH)
Chris Van Niel scores
Pitching: RHP Gilbert Paparelli
Batting: RHB Tomokazu Sugimoto 0-0: Called Strike
0-1: Ground out 4-3 (Groundball, 4M, EV 88.1 MPH)
Omar Solis scores
Batting: RHB Mike Conaway 0-0: Ball
1-0: Ball
2-0: Foul Ball, location: 2F
2-1: Foul Ball, location: 2F
2-2: Reached on error, E5 (Groundball, 56, EV 106.3 MPH)
Batting: LHB Chang Huie 0-0: Ball
1-0: Called Strike
1-1: Ball
2-1: Ball
3-1: Base on Balls
Mike Conaway to second
Batting: RHB Victor Rosas 0-0: Called Strike
0-1: 3-RUN HOME RUN (Flyball, 78XD, EV 100.0 MPH), Distance : 414 ft
Batting: RHB Ivan Davila 0-0: Ball
1-0: Ball
2-0: Called Strike
2-1: Ground out 5-3 (Groundball, 56S, EV 90.6 MPH)
Bottom of the 5th over - 6 runs, 3 hits, 1 error, 0 left on base; Cleveland (APP) 0 - Seattle (APP) 12
TOP OF THE 6TH
Cleveland (APP) Indians batting - Pitching for Seattle (APP) Mariners : RHP Kyle Ridgeway
Batting: SHB Mike Shields 0-0: Called Strike
0-1: Ball
1-1: Ground out U3 (Groundball, 34S, EV 88.8 MPH)
Batting: RHB John Clark 0-0: Called Strike
0-1: Foul Ball, location: 2F
0-2: Ball
1-2: Strikes out looking
Batting: RHB Carlos Manriquez 0-0: Called Strike
0-1: Ball
1-1: Ball
2-1: Swinging Strike
2-2: Fly out, F9 (Flyball, 89D, EV 91.3 MPH)
Top of the 6th over - 0 runs, 0 hits, 0 errors, 0 left on base; Cleveland (APP) 0 - Seattle (APP) 12
BOTTOM OF THE 6TH
Seattle (APP) Mariners batting - Pitching for Cleveland (APP) Indians : RHP Gilbert Paparelli
Pitching: LHP Jordan Jimenez
Batting: SHB Tony Morales 0-0: Ball
1-0: Ball
2-0: Ball
3-0: Called Strike
3-1: Base on Balls
Batting: RHB Chris Van Niel 0-0: Swinging Strike
0-1: Foul Ball, location: 2F
0-2: Foul Ball, location: 2F
0-2: Foul Ball, location: 2F
0-2: Strikes out swinging
Batting: RHB John Vasquez 0-0: Ball
Wild Pitch!
Tony Morales to second
1-0: Ball
2-0: Swinging Strike
Passed Ball!
Tony Morales to third
2-1: Foul Ball, location: 2F
2-2: Ball
Passed Ball!
Tony Morales scores
3-2: Base on Balls
Batting: RHB Omar Solis 0-0: Swinging Strike
Passed Ball!
John Vasquez to second
0-1: Ball
Passed Ball!
John Vasquez to third
1-1: DOUBLE (Groundball, 5L, EV 105.6 MPH)
John Vasquez scores
Batting: RHB Tomokazu Sugimoto 0-0: SINGLE (Line Drive, 78S, EV 91.9 MPH)
Omar Solis to third
Batting: RHB Mike Conaway 0-0: Called Strike
0-1: Ball
Wild Pitch!
Omar Solis scores
Tomokazu Sugimoto to second
1-1: Called Strike
1-2: Ball
Passed Ball!
Tomokazu Sugimoto to third
2-2: Ball
3-2: Base on Balls
Batting: LHB Chang Huie 0-0: Ball
1-0: Ball
2-0: SINGLE (Flyball, 4D, EV 95.0 MPH)
Tomokazu Sugimoto scores
Mike Conaway to second
Batting: RHB Victor Rosas 0-0: Ball
Wild Pitch!
Mike Conaway to third
Chang Huie to second
1-0: Ball
Passed Ball!
Mike Conaway scores
Chang Huie to third
2-0: Ball
3-0: Base on Balls
Batting: RHB Ivan Davila 0-0: Ball
1-0: Called Strike
1-1: Foul Ball, location: 2F
1-2: Foul Ball, location: 2F
1-2: Grounds into double play, 5-4-3 (Groundball, 56S, EV 89.4 MPH)
Bottom of the 6th over - 5 runs, 3 hits, 0 errors, 1 left on base; Cleveland (APP) 0 - Seattle (APP) 17
TOP OF THE 7TH
Cleveland (APP) Indians batting - Pitching for Seattle (APP) Mariners : RHP Kyle Ridgeway
Batting: RHB Juan Gallardo 0-0: Swinging Strike
0-1: Ball
1-1: Ball
2-1: SOLO HOME RUN (Flyball, 9D, EV 94.4 MPH), Distance : 361 ft
Batting: RHB Luis Roman 0-0: Ball
1-0: Ball
2-0: Called Strike
2-1: Foul Ball, location: 2F
2-2: Strikes out swinging
Batting: LHB Kenji Yokoyama 0-0: Called Strike
0-1: Swinging Strike
0-2: Ball
1-2: Ball
2-2: SINGLE (Groundball, 4D, EV 99.4 MPH)
Batting: RHB Joe Shade 0-0: Swinging Strike
0-1: Swinging Strike
0-2: Strikes out swinging
Batting: LHB Heath Ryland 0-0: Ground out 4-3 (Groundball, 4, EV 92.5 MPH)
Top of the 7th over - 1 run, 2 hits, 0 errors, 1 left on base; Cleveland (APP) 1 - Seattle (APP) 17
BOTTOM OF THE 7TH
Seattle (APP) Mariners batting - Pitching for Cleveland (APP) Indians : LHP Jordan Jimenez
Batting: SHB Tony Morales 0-0: SINGLE (Groundball, 34D, EV 101.3 MPH) (infield hit)
Batting: RHB Chris Van Niel 0-0: Ball
Wild Pitch!
Tony Morales to second
1-0: Ball
2-0: Called Strike
2-1: Foul Ball, location: 2F
2-2: Ground out 5-3 (Groundball, 56, EV 102.5 MPH)
Batting: RHB John Vasquez 0-0: SINGLE (Popup, 34D, EV 71.3 MPH)
Tony Morales to third
Batting: RHB Omar Solis 0-0: Swinging Strike
0-1: Called Strike
0-2: Ball
Wild Pitch!
Tony Morales scores
John Vasquez to second
1-2: DOUBLE (Line Drive, 89D, EV 108.1 MPH)
John Vasquez scores
Batting: SHB Fernando Jasso 0-0: Foul Ball, location: 2F
0-1: SINGLE (Groundball, 56D, EV 108.1 MPH)
Omar Solis to third
Runner from 3rd tries for Home, SAFE, throw by LF to home
Batting: RHB Mike Conaway 0-0: Ball
1-0: SINGLE (Groundball, 4MD, EV 101.3 MPH)
Fernando Jasso to second
Batting: LHB Chang Huie 0-0: Ball
1-0: Ball
2-0: Foul Ball, location: 2F
2-1: Called Strike
2-2: Strikes out looking
Batting: RHB Victor Rosas 0-0: Ball
Wild Pitch!
Fernando Jasso to third
Mike Conaway to second
1-0: 3-RUN HOME RUN (Flyball, 78XD, EV 106.3 MPH), Distance : 397 ft
Batting: RHB Ivan Davila 0-0: Ball
1-0: Ball
2-0: Ball
3-0: Base on Balls
Batting: SHB Tony Morales 0-0: Ball
Passed Ball!
Ivan Davila to second
1-0: Foul Ball, location: 2F
1-1: Ground out 4-3 (Groundball, 4, EV 106.3 MPH)
Bottom of the 7th over - 6 runs, 6 hits, 0 errors, 1 left on base; Cleveland (APP) 1 - Seattle (APP) 23
TOP OF THE 8TH
Cleveland (APP) Indians batting - Pitching for Seattle (APP) Mariners : RHP Kyle Ridgeway
Pitching: RHP Jose Rios
Batting: RHB Ken Shear 0-0: Ball
1-0: Fly out, F8 (Flyball, 8LXD, EV 97.5 MPH)
Batting: SHB Mike Shields 0-0: Ball
1-0: Called Strike
1-1: Ball
2-1: Swinging Strike
2-2: Ball
3-2: Strikes out swinging
Batting: RHB John Clark 0-0: Swinging Strike
0-1: Ball
1-1: Called Strike
1-2: Strikes out swinging
Top of the 8th over - 0 runs, 0 hits, 0 errors, 0 left on base; Cleveland (APP) 1 - Seattle (APP) 23
BOTTOM OF THE 8TH
Seattle (APP) Mariners batting - Pitching for Cleveland (APP) Indians : LHP Jordan Jimenez
Batting: RHB Chris Van Niel 0-0: Ball
1-0: Ball
2-0: Ball
3-0: Called Strike
3-1: Base on Balls
Batting: RHB John Vasquez 0-0: DOUBLE (Line Drive, 5D, EV 100.6 MPH)
Chris Van Niel to third
Runner from 3rd tries for Home, throw by LF and OUT! 7-6-2
Batting: RHB Omar Solis 0-0: Called Strike
0-1: Ball
1-1: Ground out 5-3 (Groundball, 56S, EV 84.4 MPH)
Batting: SHB Fernando Jasso 0-0: Ball
1-0: Called Strike
1-1: SINGLE (Groundball, 34, EV 101.9 MPH)
John Vasquez to third
Runner from 3rd tries for Home, SAFE, throw by RF to home
Batting: RHB Mike Conaway 0-0: Ground out 5-3 (Groundball, 15, EV 81.9 MPH)
Bottom of the 8th over - 1 run, 2 hits, 0 errors, 1 left on base; Cleveland (APP) 1 - Seattle (APP) 24
TOP OF THE 9TH
Cleveland (APP) Indians batting - Pitching for Seattle (APP) Mariners : RHP Jose Rios
Batting: RHB Carlos Manriquez 0-0: Ball
1-0: Ball
2-0: Foul Ball, location: 2F
2-1: Foul Ball, location: 2F
2-2: Foul Ball, location: 2F
2-2: Ball
3-2: Foul Ball, location: 2F
3-2: Hit by Pitch
Batting: RHB Juan Gallardo 0-0: Fielders Choice at 2nd, 3-6 (Groundball, 34, EV 101.3 MPH)
Batting: RHB Luis Roman 0-0: Called Strike
0-1: Swinging Strike
0-2: SINGLE (Groundball, 4MD, EV 104.4 MPH)
Juan Gallardo to second
Batting: LHB Kenji Yokoyama 0-0: Ball
1-0: Ball
2-0: Foul Ball, location: 2F
2-1: Grounds into double play, 4-6-3 (Groundball, 4, EV 109.4 MPH)
Top of the 9th over - 0 runs, 1 hit, 0 errors, 1 left on base; Cleveland (APP) 1 - Seattle (APP) 24
Thursday, March 31st , 2022 - OOTP Baseball 22.12 Build 89